 Dungeon Crawl Stone Soup version 0.28.0-53-g5a82cb258f (webtiles) character file.

Game seed: 16251214397756367875

1684 Sanktem7 the Fighter (level 8, -2/75 HPs)
             Began as a Minotaur Fighter on June 3, 2022.
             Was an Initiate of Okawaru.
             Slain by an orc
             ... wielding a +0 trident
              (3 damage)
             ... on level 8 of the Dungeon.
             The game lasted 00:17:07 (7920 turns).

Sanktem7 the Fighter (Minotaur Fighter)             Turns: 7920, Time: 00:17:08

Health: -2/75      AC: 12    Str: 22    XL:     8   Next: 71%
Magic:  7/7        EV:  7    Int:  5    God:    Okawaru [......]
Gold:   282        SH:  5    Dex: 11    Spells: 7/7 levels left

rFire   . . .      SeeInvis .   G - +3 hand axe (holy) {axe}
rCold   . . .      Faith    .   c - +0 buckler
rNeg    . . .      Spirit   .   Q - +0 chain mail
rPois   .          Reflect  .   (helmet restricted)
rElec   .          Harm     .   (no cloak)
rCorr   +          Rampage  .   i - +1 pair of gloves
Will    .....                   (no boots)
Stlth   ..........              b - amulet of regeneration {@e2}
HPRegen 1.02/turn               v - +4 ring of slaying
MPRegen 0.10/turn               r - ring of resist corrosion

@: lethally poisoned (-2 -> -3), about to teleport, slowed, very slow
A: horns 2, retaliatory headbutt, screaming 1
a: Renounce Religion


You were on level 8 of the Dungeon.
You worshipped Okawaru.
Okawaru was noncommittal.
You visited 2 branches of the dungeon, and saw 9 of its levels.
You also visited: Sewer.

You collected 282 gold pieces.


Innate Abilities, Weirdness & Mutations

You have a pair of horns on your head.
You reflexively headbutt those who attack you in melee.
You occasionally shout uncontrollably at your foes.


   Skills:
 * Level 8.5 Fighting
 * Level 8.2 Axes
 + Level 6.4 Armour
 + Level 6.5 Shields


You had 7 spell levels left.
You didn't know any spells.
Your spell library contained the following spells:

 Spells                   Type           Power      Damage    Failure   Level
 Corpse Rot               Necr/Air       0%         N/A       100%        2
 Poisonous Vapours        Pois/Air       0%         N/A       100%        2
 Scorch                   Fire           0%         2d5       100%        2
 Sublimation of Blood     Necr           0%         N/A       100%        2
 Wereblood                Tmut           0%         N/A       100%        2
 Flame Wave               Conj/Fire      0%         2d4       100%        4
 Conjure Ball Lightning   Conj/Air       0%         3x3d6     100%        6
 Discord                  Hex            0%         N/A       100%        8
 Disjunction              Tloc           0%         N/A       100%        8
 Summon Cactus Giant      Summ           Unusable   N/A       N/A         6
 Summon Hydra             Summ           Unusable   N/A       N/A         7

Inventory:

Hand Weapons
 E - a +2 mace of protection {mace}
   (You found it on level 5 of the Dungeon)
 G - a +3 hand axe of holy wrath (weapon) {axe}
   (You found it on level 6 of the Dungeon)
Missiles
 e - 42 stones {throwing}
 g - 43 bolts
 k - 2 javelins (quivered) {throwing}
 H - 34 poisoned darts {throwing}
 L - a curare-tipped dart {=fthrowing}
Armour
 a - a +2 chain mail of poison resistance
   (You took it off an orc warrior on level 7 of the Dungeon)
 c - a +0 buckler (worn)
 i - a +1 pair of gloves (worn)
   (You found it on level 6 of the Dungeon)
 Q - a +0 chain mail (worn)
   (You found it on level 6 of the Dungeon)
Jewellery
 b - an amulet of regeneration (around neck) {@e2}
   (You took it off a kobold on level 6 of the Dungeon)
 r - a ring of resist corrosion (right hand)
   (You found it on level 3 of the Dungeon)
 u - a ring of magical power
   (You found it on level 4 of the Dungeon)
 v - a +4 ring of slaying (left hand)
   (You found it on level 4 of the Dungeon)
Wands
 N - a wand of iceblast (17)
   (You found it on level 6 of the Dungeon)
 O - a wand of acid (10)
   (You found it on level 6 of the Dungeon)
Scrolls
 l - 3 scrolls of blinking {!r}
 n - 3 scrolls of teleportation {@r4}
 o - 4 scrolls of fear
 q - 2 scrolls of enchant armour
 A - 3 scrolls of noise {!r}
Potions
 d - 5 potions of might
 f - a potion of mutation {!q}
 x - 3 potions of lignification {!q}
 F - 3 potions of invisibility
 I - 4 potions of magic

Dungeon Overview and Level Annotations

Branches:
Dungeon (8/15)             Temple (1/1) D:7           Sewer (visited)
   Lair: D:8-11

Altars:
Cheibriados
Elyvilon
Fedhas
Gozag
Makhleb
Nemelex Xobeh
Okawaru
Qazlal
Ru
Trog
Uskayaw
Vehumet
Xom
Zin

Shops:
D:4 :

Annotations:
D:5 1 runed translucent door, Valamore's ghost, novice MiFi

#.##.......#.#####.#
#.##.#.#####.......#
#.##.#.# #########
#....[.# ##.
#######....### #.#
#.......#### ##.
#.......# ####### ##
#.#####.### #.....# #
.........@####.....#
#
.....#..#..oyยง.....#
# ....
#..######.....# # #..
....# #.....# #####
#. .....# #######
#.... # ####.## #.###
#. #.# #.######## #.#
#......<.# #.#


You could see a hornet and an orc.


Message History

An orc comes into view. It is wielding a +0 trident.
The hornet stings you but does no damage.
You hit the hornet. Your headbutt misses the hornet. The hornet stings you.
You feel yourself slow down. ๐Ÿ˜• HP[-6]
You take 6 damage, and now have 69/75 hp.
You barely miss the hornet. The hornet barely misses you.
The hornet stings you but does no damage. ๐Ÿ˜• HP[+1]
You hit the hornet but do no damage.
You feel yourself speed up.
You block the hornet's attack. x2; The hornet stings you!
You suddenly lose the ability to move!
The hornet stings you.
You are poisoned.
You feel yourself slow down.
You feel yourself speed up.
You feel very sick. The hornet stings you.
You feel yourself slow down.
The hornet stings you but does no damage.
You can move again. ๐Ÿ˜ฎ HP[-16]
You take 16 damage, and now have 54/75 hp.
MASSIVE DAMAGE!! (PAUSE)
You hit the hornet.
You feel yourself speed up.
You feel sick. You block the hornet's attack. The orc barely misses you.
The hornet completely misses you. The orc barely misses you. ๐Ÿ˜ฎ HP[-1]
You take 1 damage, and now have 53/75 hp.
You closely miss the hornet.
You feel sick. You block the hornet's attack.
You block the orc's attack. ๐Ÿ˜ฎ HP[-1]
You take 1 damage, and now have 52/75 hp.
Unknown command.
You feel sick. The hornet barely misses you.
You feel sick.
You feel sick. You block the hornet's attack.
You feel sick.
You feel sick.
You are no longer poisoned.
The hornet stings you but does no damage.
You hit the hornet.
You block the hornet's attack. ๐Ÿ˜ฎ HP[+1]
You barely miss the hornet. You block the orc's attack.
The hornet stings you but does no damage. ๐Ÿ˜ฎ HP[+1]
You barely miss the hornet. The hornet stings you.
You are poisoned.
You feel yourself slow down. The orc hits you but does no damage.
The hornet stings you.
You suddenly lose the ability to move!
You feel yourself speed up.
You feel sick. The hornet stings you.
You are more poisoned.
You feel yourself slow down. The orc hits you but does no damage.
You feel yourself speed up.
You feel very sick. The hornet stings you!
* * * LOW HITPOINT WARNING * * *
You feel yourself slow down.
The orc hits you from afar with a +0 trident.
* * * LOW HITPOINT WARNING * * *
The hornet stings you but does no damage.
You can move again. ๐Ÿ˜จ HP[-32]
You take 32 damage, and now have 22/75 hp.
MASSIVE DAMAGE!! (PAUSE)
As you read the scroll of teleportation {@r4}, it crumbles to dust.
You feel strangely unstable.
You feel very sick. The hornet stings you!
* * * LOW HITPOINT WARNING * * *
You feel as though you will be slow longer.
You block the orc's attack.
The hornet stings you but does no damage.
The orc hits you but does no damage. ๐Ÿ˜ฑ HP[-12]
You take 12 damage, and now have 10/75 hp.
Unknown command.
You hit the hornet. You headbutt the hornet.
You feel sick. You block the hornet's attack. You block the orc's attack.
The hornet stings you!
* * * LOW HITPOINT WARNING * * *
You feel as though you will be slow longer. ๐Ÿ˜ฑ HP[-8]
You take 8 damage, and now have 2/75 hp.
Unknown command.
Unknown command.
Blink to where?
Press: ? - help, Q - select action, (/) - cycle Dir - move target
As you read the scroll of blinking {!r}, it crumbles to dust.
* * * LOW HITPOINT WARNING * * *
You feel sick.
The orc hits you from afar with a +0 trident.
* * * LOW HITPOINT WARNING * * *
The orc hits you from afar with a +0 trident.
You die...

Skill      XL: |  1  2  3  4  5  6  7  8 |
---------------+-------------------------+-----
Axes           | 3 4 5 7 8 |  8.2
Fighting       | 4 5 6 7 8 |  8.5
Shields        | 4 5 6 |  6.5
Armour         | 4 5 6 |  6.4

Action                   |  1- 3 |  4- 6 |  7- 9 || total
-------------------------+-------+-------+-------++-------
Melee: War axe           |    83 |    58 |    12 ||   153
       Headbutt          |     8 |    11 |    24 ||    43
       Hand axe          |       |       |   126 ||   126
  Use: Scroll            |       |       |    15 ||    15
       Potion            |       |       |     7 ||     7
Armor: Scale mail        |    30 |    24 |    34 ||    88
       Chain mail        |       |       |    35 ||    35
Dodge: Dodged            |    45 |    32 |    56 ||   133
Block: Buckler           |    20 |    11 |    43 ||    74

Levels and vault maps discovered:
D:1:      lemuel_arrival_muddy, layout_rooms, minmay_tetromino_i2
D:2:      minmay_chambers_of_ones, layout_basic,
          shapermc_ecumenical_altar_pompeii, minmay_misc_feat_tiny
D:3:      layout_basic, bh_walls_and_bars
D:4:      layout_gridville, serial_shops, nicolae_shop_hallway_stairs
D:5:      layout_loops_ring, ebering_ghost_reflecting_pool
D:6:      layout_basic, doesnt_xom_only_xom, gup_sewer_entry_bowl
D:7:      layout_loops_ring, minmay_temple_entry_mist
D:8:      layout_loops_cross, grunt_lair_entry_orc_guard_hut
Temple:   dshaligram_water_room_temple

Notes
Turn   | Place    | Note
-------+----------+-------------------------------------------
     0 | D:1      | Sanktem7 the Minotaur Fighter began the quest for the Orb.
     0 | D:1      | Reached XP level 1. HP: 19/19 MP: 0/0
     0 | D:1      | magus.rc [v1.9.6]
    45 | D:1      | You pick up a book of Scorching and begin reading...
    45 | D:1      | You add the spells Scorch, Flame Wave and Summon Cactus
                  | Giant to your library.
   241 | D:1      | Reached XP level 2. HP: 25/27 MP: 1/1
   243 | D:1      | HP: 6/27 [kobold/+0 short sword (3)]
   551 | D:1      | Reached skill level 3 in Axes
   590 | D:1      | Reached skill level 4 in Fighting
   954 | D:2      | Reached XP level 3. HP: 29/33 MP: 2/2
   986 | D:2      | Reached skill level 4 in Shields
  1615 | D:2      | Identified the +1 robe "Somuyfyu" {Will+}
  1791 | D:2      | Found a faded altar of an unknown god.
  1841 | D:3      | Reached skill level 4 in Armour
  1975 | D:3      | Noticed a phantom
  1984 | D:3      | Killed a phantom
  1985 | D:3      | Reached skill level 4 in Axes
  1985 | D:3      | Reached XP level 4. HP: 32/41 MP: 3/3
  2098 | D:3      | Reached XP level 5. HP: 47/47 MP: 4/4
  2225 | D:3      | Reached skill level 5 in Fighting
  2913 | D:4      | You pick up a book of Blood and begin reading...
  2913 | D:4      | You add the spells Sublimation of Blood, Wereblood and
                  | Summon Hydra to your library.
  2914 | D:4      | Found Muuduul's Book Shoppe.
  3429 | D:4      | Noticed a black bear
  3435 | D:4      | Killed a black bear
  3436 | D:4      | Reached skill level 5 in Axes
  3436 | D:4      | Reached XP level 6. HP: 49/56 MP: 5/5
  3600 | D:5      | Entered Level 5 of the Dungeon
  3771 | D:5      | Found a runed translucent door.
  3772 | D:5      | Noticed Valamore's ghost (novice MiFi)
  3957 | D:5      | Reached skill level 5 in Shields
  3983 | D:5      | Reached skill level 6 in Fighting
  4011 | D:5      | Reached skill level 5 in Armour
  4011 | D:5      | Reached XP level 7. HP: 55/63 MP: 6/6
  4350 | D:6      | Reached skill level 6 in Axes
  4366 | D:6      | You pick up a book of Vapours and begin reading...
  4366 | D:6      | You add the spells Poisonous Vapours and Corpse Rot to your
                  | library.
  4395 | D:6      | HP: 13/64 [ogre/+0 giant club (15)]
  4729 | D:6      | Found a glowing drain.
  4734 | Sewer    | Entered a sewer
  4919 | Sewer    | HP: 16/64 [kobold brigand/+0 whip (4)]
  4921 | Sewer    | Reached skill level 7 in Fighting
  5344 | D:6      | Reached skill level 7 in Axes
  5344 | D:6      | Reached XP level 8. HP: 62/73 MP: 7/7
  5454 | D:6      | Found a blossoming altar of Fedhas.
  5456 | D:6      | Found a bloodstained altar of Trog.
  5456 | D:6      | Found a broken altar of Ashenzari.
  5458 | D:6      | Reached skill level 6 in Shields
  5459 | D:6      | Found a shadowy altar of Dithmenos.
  5459 | D:6      | Found an iron altar of Okawaru.
  5459 | D:6      | Found a shimmering altar of Xom.
  6248 | D:6      | Gained mutation: You occasionally shout uncontrollably at
                  | your foes. [potion of mutation]
  6323 | D:7      | Reached skill level 6 in Armour
  6409 | D:7      | HP: 15/74 [orc priest/divine providence (9)]
  6413 | D:7      | HP: 7/74 [poisoned by a kobold brigand]
  6644 | D:6      | HP: 15/74 [orc priest/divine providence (10)]
  6649 | D:6      | HP: 15/74 [something (1)]
  6654 | D:6      | HP: 11/74 [something (2)]
  6660 | D:6      | HP: 12/74 [something/magic dart (1)]
  6953 | D:7      | Reached skill level 8 in Fighting
  6989 | D:7      | Found a staircase to the Ecumenical Temple.
  7272 | D:7      | You pick up a book of Chaos and begin reading...
  7272 | D:7      | You add the spells Conjure Ball Lightning, Disjunction and
                  | Discord to your library.
  7315 | D:7      | Reached skill level 8 in Axes
  7612 | Temple   | Entered the Ecumenical Temple
  7759 | Temple   | Became a worshipper of Warmaster Okawaru
  7897 | D:8      | Noticed a hornet
  7903 | D:8      | Paralysed by a hornet for 3 turns
  7915 | D:8      | Paralysed by a hornet for 3 turns
  7918 | D:8      | HP: 10/75 [hornet (10)]
  7919 | D:8      | HP: 2/75 [hornet (7)]
  7920 | D:8      | Slain by an orc

Vanquished Creatures
  An orc warrior (D:7)
  An ogre (D:6)
  3 black bears
  2 phantoms
  5 kobold brigands
  2 bullfrogs (D:7)
  A water moccasin skeleton (D:6)
  2 centaur zombies (D:6)
  A bullfrog skeleton (D:6)
  3 orc priests
  A hound (D:5)
  2 iguanas
  2 centaur skeletons (D:6)
  An orc wizard (D:6)
  2 killer bee zombies
  A hound zombie (D:5)
  An adder (D:4)
  An adder skeleton (D:2)
  4 worms
  4 dart slugs
  14 orcs
  11 endoplasms
  6 giant cockroaches
  2 goblins
  7 hobgoblins
  4 quokkas
  8 ball pythons
  6 bats
  5 frilled lizards
  36 kobolds
  8 rats
147 creatures vanquished.

Vanquished Creatures (others)
  16 fungi (D:8)
  20 plants
36 creatures vanquished.

Grand Total: 183 creatures vanquished

Table legend:
 A = Non-vault XP
 B = Vault XP
 C = Vault XP percentage of total XP
 D = Non-vault monster count
 E = Vault monster count
 F = Vault count percentage of total count
                 A         B        C        D         E       F
            +---------+---------+-------+---------+---------+-------
      Total |    2059 |     348 |  14.5 |     113 |      34 |  23.1
            +---------+---------+-------+---------+---------+-------
        D:1 |      34 |       1 |   2.9 |      23 |       1 |   4.2
        D:2 |      30 |      10 |  25.0 |      14 |       5 |  26.3
        D:3 |     197 |       0 |   0.0 |      24 |       0 |   0.0
        D:4 |     158 |       0 |   0.0 |       9 |       0 |   0.0
        D:5 |     344 |       0 |   0.0 |       6 |       0 |   0.0
        D:6 |     676 |       3 |   0.4 |      13 |       3 |  18.8
        D:7 |     617 |       0 |   0.0 |      23 |       0 |   0.0
        D:8 |       3 |       0 |   0.0 |       1 |       0 |   0.0
      Sewer |       0 |     334 | 100.0 |       0 |      25 | 100.0
            +---------+---------+-------+---------+---------+-------

Illustrated notes

Table legend:
 A = Kills in this place as a percentage of kills in entire the game.
 B = Kills by you in this place as a percentage of kills by you in the entire game.
 C = Kills by friends in this place as a percentage of kills by friends in the entire game.
 D = Other kills in this place as a percentage of other kills in the entire game.
 E = Experience gained in this place as a percentage of experience gained in the entire game.
 F = Experience gained in this place divided by the number of levels of this place that you have seen.
                   A       B       C       D       E      F
               +-------+-------+-------+-------+-------+----------------------
         Total | 100.0 | 100.0 |   N/A |   N/A | 100.0 | 240.7
       Dungeon |  83.0 |  83.0 |   N/A |   N/A |  86.1 | 259.1
         Sewer |  17.0 |  17.0 |   N/A |   N/A |  13.9 | 334.0
               +-------+-------+-------+-------+-------+----------------------

Table legend: (Time is in decaauts)
 A = Elapsed time spent in this place.
 B = Non-inter-level travel time spent in this place.
 C = Inter-level travel time spent in this place.
 D = Time resting spent in this place.
 E = Time spent auto-exploring this place.
 F = Levels seen in this place.
 G = Mean time per level.
                   A        B        C        D        E       F      G
               +--------+--------+--------+--------+--------+-----+--------+
         Total |   8002 |   7594 |    408 |    977 |   5477 |  10 |  800.2 |
       Dungeon |   7295 |   6939 |    356 |    752 |   5196 |   8 |  911.9 |
        Temple |    163 |    111 |     52 |      0 |    100 |   1 |  163.0 |
         Sewer |    543 |    543 |      0 |    225 |    180 |   1 |  543.0 |
               +--------+--------+--------+--------+--------+-----+--------+

Top non-repeatable levels by time:
     D:6: 1978 daAuts
     D:3: 1066 daAuts
     D:2: 941 daAuts
     D:1: 921 daAuts
     D:7: 809 daAuts
     D:5: 729 daAuts
     D:4: 714 daAuts
   Sewer: 543 daAuts
  Temple: 163 daAuts
     D:8: 135 daAuts
